 Dungeon Crawl Stone Soup version 0.17.2-1-ge4368a0 (webtiles) character file.

124 Goblin1989 the Insei (level 4, 0/35 HPs)
             Began as a Demonspawn Monk on Mar 16, 2017.
             Succumbed to poison (a potion of poison)
             ... on level 3 of the Dungeon.
             The game lasted 00:03:47 (1880 turns).

Goblin1989 the Insei (Demonspawn Monk)              Turns: 1880, Time: 00:03:47

Health: 0/35       AC:  5    Str: 13    XL:     4   Next: 81%
Magic:  3/3        EV: 18    Int: 17    God:
Gold:   97         SH:  0    Dex: 20    Spells: 0 memorised, 3 levels left

rFire  + . .     SeeInvis .       - Unarmed
rCold  . . .     Clarity  .     a - +0 robe
rNeg   . . .     SustAt   .     (no shield)
rPois  .         Gourm    .     l - +0 helmet
rElec  .         Spirit   .     (no cloak)
rCorr  .         Warding  .     (no gloves)
rMut   .         Stasis   .     (no boots)
MR     .....                    (no amulet)
Stlth  +++.......               (no ring)
                                j - +6 ring of intelligence

@: agile, lethally poisoned (0 -> -39), not resistant to hostile enchantments,
fairly stealthy
A: claws 1, thin metallic scales 1, fire resistance 1, low mp 1, MP-powered
wands
a: no special abilities


You were on level 3 of the Dungeon.
You were not hungry.

You visited 1 branch of the dungeon, and saw 3 of its levels.

You collected 97 gold pieces.

Inventory:

Armour
 a - a +0 robe (worn)
 l - a +0 helmet (worn)
Jewellery
 j - a +6 ring of intelligence (left claw)
Scrolls
 d - a scroll of noise {unknown}
 f - 2 scrolls of amnesia {unknown}
 i - a scroll of identify {unknown}
Potions
 c - a potion of agility
Comestibles
 e - a bread ration {@e1}
 g - 2 meat rations {@e2}
 k - a fruit


   Skills:
 - Level 3.0 Fighting
 - Level 2.6 Dodging
 - Level 1.7 Stealth
 + Level 5.6 Unarmed Combat


You had 3 spell levels left.
You didn't know any spells.

Dungeon Overview and Level Annotations

Branches:
Dungeon (3/15)

Altars:


Innate Abilities, Weirdness & Mutations

You have sharp fingernails.
You are partially covered in thin metallic scales (AC +2).
Your flesh is heat resistant.
Your magical capacity is low (-10% MP).
You expend magic power (3 MP) to strengthen your wands.


Message History

You see here a rat skeleton.
You climb downwards.
A giant newt and a bat come into view.
There is a stone staircase leading up here.
Found a stone staircase leading down.
You claw the giant newt!
You kill the giant newt!
The bat barely misses you.
You scratch the bat.
You kill the bat!
No target in view!
No target in view!
No target in view!
No target in view!
No target in view!
No target in view!
No target in view!
No target in view!
No target in view!
No target in view!
No target in view!
No target in view!
No target in view!
No target in view!
No target in view!
No target in view!
No target in view!
No target in view!
No target in view!
No target in view!
No target in view!
No target in view!
No target in view!
No target in view!
No target in view!
You see here a giant newt corpse.
All of the chunks of flesh in your inventory have rotted away.
A water moccasin comes into view.
Health restored: 35 A water moccasin is nearby!
A water moccasin is nearby!
The helpless water moccasin fails to defend itself.
You claw the water moccasin!
The water moccasin is moderately wounded.
The water moccasin bites you.
You are poisoned.
The water moccasin poisons you! The water moccasin bites you.
You take 12 damage, and have 23/35 hp.
MASSIVE DAMAGE!!
You feel sick.
You take 1 damage, and have 22/35 hp.
You barely miss the water moccasin.
The water moccasin is moderately wounded.
You feel sick. The water moccasin misses you.
You take 1 damage, and have 21/35 hp.
You scratch the water moccasin.
The water moccasin is heavily wounded.
The water moccasin barely misses you. The water moccasin misses you.
You closely miss the water moccasin.
The water moccasin is heavily wounded.
You feel sick. The water moccasin bites you.
* * * LOW HITPOINT WARNING * * *
You are lethally poisoned!
The water moccasin poisons you!
You take 6 damage, and have 15/35 hp.
Drink which item? (? for menu, Esc to quit)
It was a potion of agility.
You feel agile all of a sudden.
* * * LOW HITPOINT WARNING * * *
You feel sick. The water moccasin bites you.
* * * LOW HITPOINT WARNING * * *
You are more poisoned.
The water moccasin poisons you!
You take 2 damage, and have 13/35 hp.
Drink which item? (? for menu, Esc to quit)
It was a potion of poison.
That liquid tasted very nasty...
You are more poisoned.
* * * LOW HITPOINT WARNING * * *
You feel very sick. The water moccasin closely misses you.
The water moccasin bites you but does no damage.
You take 4 damage, and have 9/35 hp.
Drink which item? (? for menu, Esc to quit)
It was a potion of mutation.
You feel extremely strange.
You feel less energetic.
You feel your magical essence link to your wands.
You feel resistant to heat.
* * * LOW HITPOINT WARNING * * *
You feel very sick. The water moccasin misses you.
You take 3 damage, and have 6/35 hp.
You now have 3/3 mp.
You scratch the water moccasin.
The water moccasin is heavily wounded.
* * * LOW HITPOINT WARNING * * *
You feel very sick. The water moccasin barely misses you.
You take 3 damage, and have 3/35 hp.
Unknown command.
You scratch the water moccasin.
The water moccasin is severely wounded.
You die...

.█ ███ .█ ..█ .█
██ █.█ .█ . █.█ .█
█.█.█ .█
.████.█.███.█████.
.........@S....$..
.....█.███.█████.
. ████████.███.█
.. █..........█.█
...█.███..█.█.█.█
>......†...█.█.█
.██.███....█ █.█
█.....†..█ .█
█..█<█.█.█


You could see a water moccasin.

Vanquished Creatures
  Jessica (D:2)
  Robin (D:2)
  2 adders (D:2)
  4 worms (D:2)
  A ball python (D:2)
  4 giant cockroaches
  13 goblins
  8 hobgoblins
  3 jackals (D:1)
  10 bats
  A giant newt (D:3)
  3 kobolds
  A quokka (D:2)
  5 rats
57 creatures vanquished.

Notes
Turn   | Place    | Note
--------------------------------------------------------------
     0 | D:1      | Goblin1989 the Demonspawn Monk began the quest for the Orb.
     0 | D:1      | Reached XP level 1. HP: 18/18 MP: 1/1
   109 | D:1      | Reached skill level 4 in Unarmed Combat
   161 | D:1      | Gained mutation: You have sharp fingernails. [demonic ancestry]
   161 | D:1      | Reached XP level 2. HP: 22/24 MP: 2/2
   480 | D:1      | Reached XP level 3. HP: 29/29 MP: 3/3
   754 | D:2      | HP: 1/29 [worm (11)]
  1113 | D:2      | Noticed Robin
  1269 | D:2      | Reached skill level 5 in Unarmed Combat
  1486 | D:2      | Noticed Jessica
  1495 | D:2      | Killed Jessica
  1495 | D:2      | Gained mutation: You are partially covered in thin metallic scales (AC +2). [demonic ancestry]
  1495 | D:2      | Reached XP level 4. HP: 35/35 MP: 4/4
  1631 | D:2      | Killed Robin
  1867 | D:3      | Noticed a water moccasin
  1878 | D:3      | Gained mutation: Your magical capacity is low (-10% MP). [potion of mutation]
  1878 | D:3      | Gained mutation: You expend magic power (3 MP) to strengthen your wands. [potion of mutation]
  1878 | D:3      | Gained mutation: Your flesh is heat resistant. [potion of mutation]
  1880 | D:3      | Succumbed to poison (a potion of poison)

Action                   |  1- 3 |  4- 6 || total
-------------------------+-------+-------++-------
Melee: Unarmed           |   123 |    59 ||   182
  Use: Potion            |       |     3 ||     3
 Stab: Sleeping          |     8 |     1 ||     9
  Eat: Chunk             |     2 |     1 ||     3

Vault maps used:
D:1:      eino_arrival_tree_alley
D:2:      st_stairs_3, uniq_jessica, uniq_robin
D:3:      first_bread, corexii_leaking_fountain, uniq_terence
